TOP OF THE 1ST |
Birmingham Barons batting - Pitching for Corpus Christi Hooks : RHP Scott Spillman
|
Pitching: RHP Scott Spillman
|
|
Batting: RHB Ron Johansen
|
0-0: Ball 1-0: Ball 2-0: Ball 3-0: Called Strike 3-1: Foul Ball, location: 2F 3-2: Ground out 5-3 (Groundball, 56S, EV 66.9 MPH)
|
Batting: LHB Joe Kirkland
|
0-0: Ball 1-0: Ball 2-0: Foul Ball, location: 2F 2-1: SINGLE (Groundball, 6S, EV 71.2 MPH) (infield hit)
|
Batting: RHB Mike Savage
|
0-0: Called Strike 0-1: Called Strike Joe Kirkland steals 2nd base 0-2: Strikes out swinging
|
Batting: LHB Herkko Haavikko
|
0-0: Ball 1-0: Swinging Strike 1-1: Called Strike 1-2: Ball 2-2: SINGLE (Line Drive, 8RS, EV 106.2 MPH) Joe Kirkland to third Runner from 3rd tries for Home, SAFE, throw by CF to home Herkko Haavikko to second
|
Batting: RHB Fletcher Easter
|
0-0: Called Strike 0-1: Ball 1-1: Foul Ball, location: 2F 1-2: Ball 2-2: Ball 3-2: Foul Ball, location: 2F 3-2: Fly out, F8 (Line Drive, 8RD, EV 109.4 MPH)
|
Top of the 1st over - 1 run, 2 hits, 0 errors, 1 left on base; Birmingham 1 - Corpus Christi 0 |
BOTTOM OF THE 1ST |
Corpus Christi Hooks batting - Pitching for Birmingham Barons : RHP Rick Sacket
|
Pitching: RHP Rick Sacket
|
|
Batting: RHB Sean Mounts
|
0-0: Ground out U3 (Groundball, 34S, EV 81.2 MPH)
|
Batting: LHB Josh Birkner
|
0-0: Fly out, F3 (Popup, 34S, EV 67.5 MPH)
|
Batting: RHB Bruce Bermudez
|
0-0: Called Strike 0-1: Swinging Strike 0-2: Strikes out looking
|
Bottom of the 1st over - 0 runs, 0 hits, 0 errors, 0 left on base; Birmingham 1 - Corpus Christi 0 |
TOP OF THE 2ND |
Birmingham Barons batting - Pitching for Corpus Christi Hooks : RHP Scott Spillman
|
Batting: RHB Matt McDevitt
|
0-0: Ball 1-0: Ball 2-0: Foul Ball, location: 2F 2-1: Foul Ball, location: 2F 2-2: Ball 3-2: Strikes out swinging
|
Batting: RHB Toichiro Fujimoto
|
0-0: Ball 1-0: SINGLE (Groundball, 6M, EV 95.0 MPH)
|
Batting: SHB Josh Conner
|
0-0: Ball 1-0: Ball 2-0: DOUBLE (Line Drive, 8LXD, EV 108.8 MPH) Toichiro Fujimoto to third
|
Batting: RHB John Iddings
|
0-0: Ball 1-0: Called Strike 1-1: Ball 2-1: Ball 3-1: Called Strike 3-2: Foul Ball, location: 2F 3-2: Foul Ball, location: 2F 3-2: Ground out 6-3 (Groundball, 6, EV 100.0 MPH) Toichiro Fujimoto scores
|
Batting: RHB Ron Johansen
|
0-0: Called Strike 0-1: Ball 1-1: Ball 2-1: Called Strike 2-2: Ball 3-2: Strikes out looking
|
Top of the 2nd over - 1 run, 2 hits, 0 errors, 1 left on base; Birmingham 2 - Corpus Christi 0 |
BOTTOM OF THE 2ND |
Corpus Christi Hooks batting - Pitching for Birmingham Barons : RHP Rick Sacket
|
Batting: RHB Andrew Pride
|
0-0: Called Strike 0-1: Ball 1-1: Ball 2-1: Foul Ball, location: 2F 2-2: Ground out 5-3 (Groundball, 56S, EV 78.8 MPH)
|
Batting: RHB Adrian Martinelli
|
0-0: Ground out 5-3 (Groundball, 56, EV 93.8 MPH)
|
Batting: RHB Masaru Konno
|
0-0: Ball 1-0: Fly out, F9 (Flyball, 9, EV 92.5 MPH)
|
Bottom of the 2nd over - 0 runs, 0 hits, 0 errors, 0 left on base; Birmingham 2 - Corpus Christi 0 |
TOP OF THE 3RD |
Birmingham Barons batting - Pitching for Corpus Christi Hooks : RHP Scott Spillman
|
Batting: LHB Joe Kirkland
|
0-0: Swinging Strike 0-1: Called Strike 0-2: Ball 1-2: Ball 2-2: SOLO HOME RUN (Line Drive, 89XD, EV 97.5 MPH), Distance : 396 ft
|
Batting: RHB Mike Savage
|
0-0: Ball 1-0: Called Strike 1-1: SINGLE (Flyball, 9S, EV 82.5 MPH)
|
Batting: LHB Herkko Haavikko
|
0-0: Called Strike 0-1: Ball 1-1: 2-RUN HOME RUN (Line Drive, 9LD, EV 95.6 MPH), Distance : 355 ft
|
Pitching: RHP Jayson Campbell
|
|
Batting: RHB Fletcher Easter
|
0-0: Called Strike 0-1: Reached on error, E3 (Groundball, 34, EV 106.2 MPH)
|
Batting: RHB Matt McDevitt
|
0-0: Ball 1-0: SINGLE (Groundball, 13, EV 78.8 MPH) (infield hit) Fletcher Easter to second
|
Pinch Runner at 1st Skyler Goss:
|
|
Batting: RHB Toichiro Fujimoto
|
0-0: Fly out, F2 (Popup, 3SF, EV 78.1 MPH)
|
Batting: SHB Josh Conner
|
0-0: Swinging Strike 0-1: Ball 1-1: Called Strike 1-2: DOUBLE (Line Drive, 9LM, EV 110.6 MPH) Fletcher Easter scores Skyler Goss to third Runner from 3rd tries for Home, SAFE, throw by RF to home
|
Batting: RHB John Iddings
|
0-0: Ball 1-0: Called Strike 1-1: Ball 2-1: Swinging Strike 2-2: Foul Ball, location: 2F 2-2: Strikes out swinging
|
Batting: RHB Ron Johansen
|
0-0: SINGLE (Groundball, 4M, EV 100.6 MPH) (infield hit) Josh Conner to third
|
Batting: LHB Joe Kirkland
|
0-0: Ball 1-0: Called Strike 1-1: Called Strike 1-2: Ball 2-2: Ground out 4-3 (Groundball, 4M, EV 110.0 MPH)
|
Top of the 3rd over - 5 runs, 6 hits, 1 error, 2 left on base; Birmingham 7 - Corpus Christi 0 |
BOTTOM OF THE 3RD |
Corpus Christi Hooks batting - Pitching for Birmingham Barons : RHP Rick Sacket
|
Now in LF: Skyler Goss
|
|
Batting: LHB Jackson Trottier
|
0-0: Ball 1-0: Ball 2-0: Ball 3-0: Base on Balls
|
Batting: RHB Evan Fry
|
0-0: Ball 1-0: Called Strike 1-1: Fly out, F8 (Flyball, 8RXD, EV 85.6 MPH)
|
Batting: RHB Reginald McDougall
|
0-0: Ball 1-0: Called Strike 1-1: Ball 2-1: Ball 3-1: Swinging Strike 3-2: Foul Ball, location: 2F 3-2: Base on Balls Jackson Trottier to second
|
Batting: RHB Sean Mounts
|
0-0: Grounds into double play, 6-4-3 (Groundball, 6, EV 86.9 MPH)
|
Bottom of the 3rd over - 0 runs, 0 hits, 0 errors, 1 left on base; Birmingham 7 - Corpus Christi 0 |
TOP OF THE 4TH |
Birmingham Barons batting - Pitching for Corpus Christi Hooks : RHP Jayson Campbell
|
Batting: RHB Mike Savage
|
0-0: Ball 1-0: Called Strike 1-1: Foul Ball, location: 2F 1-2: Ball 2-2: Ball 3-2: Fly out, F8 (Flyball, 8LM, EV 83.1 MPH)
|
Batting: LHB Herkko Haavikko
|
0-0: Foul Ball, location: 2F 0-1: Ground out 1-3 (Groundball, 15S, EV 70.6 MPH)
|
Batting: RHB Fletcher Easter
|
0-0: Fly out, F8 (Flyball, 8LS, EV 93.1 MPH)
|
Top of the 4th over - 0 runs, 0 hits, 0 errors, 0 left on base; Birmingham 7 - Corpus Christi 0 |
BOTTOM OF THE 4TH |
Corpus Christi Hooks batting - Pitching for Birmingham Barons : RHP Rick Sacket
|
Batting: LHB Josh Birkner
|
0-0: Ball 1-0: Foul Ball, location: 2F 1-1: Ball 2-1: Fly out, F7 (Flyball, 78M, EV 93.8 MPH)
|
Batting: RHB Bruce Bermudez
|
0-0: Ball 1-0: Called Strike 1-1: Foul Ball, location: 2F 1-2: Ground out 6-3 (Groundball, 56D, EV 85.6 MPH)
|
Batting: RHB Andrew Pride
|
0-0: Ball 1-0: Swinging Strike 1-1: Ball 2-1: Foul Ball, location: 2F 2-2: Strikes out looking
|
Bottom of the 4th over - 0 runs, 0 hits, 0 errors, 0 left on base; Birmingham 7 - Corpus Christi 0 |
TOP OF THE 5TH |
Birmingham Barons batting - Pitching for Corpus Christi Hooks : RHP Jayson Campbell
|
Batting: RHB Skyler Goss
|
0-0: Foul Ball, location: 2F 0-1: Foul Ball, location: 2F 0-2: Foul Ball, location: 2F 0-2: Ball 1-2: Foul Ball, location: 2F 1-2: Ball 2-2: Ball 3-2: Ground out 5-3 (Groundball, 56S, EV 82.5 MPH)
|
Batting: RHB Toichiro Fujimoto
|
0-0: Ball 1-0: Swinging Strike 1-1: Swinging Strike 1-2: Ball 2-2: Fly out, F7 (Flyball, 78D, EV 91.2 MPH)
|
Batting: SHB Josh Conner
|
0-0: Ball 1-0: Swinging Strike 1-1: Swinging Strike 1-2: Foul Ball, location: 2F 1-2: Ball 2-2: Ball 3-2: Base on Balls
|
Batting: RHB John Iddings
|
0-0: Ball 1-0: Foul Ball, location: 2F 1-1: Ball 2-1: Ball 3-1: Ground out 4-3 (Groundball, 4, EV 87.5 MPH)
|
Top of the 5th over - 0 runs, 0 hits, 0 errors, 1 left on base; Birmingham 7 - Corpus Christi 0 |
BOTTOM OF THE 5TH |
Corpus Christi Hooks batting - Pitching for Birmingham Barons : RHP Rick Sacket
|
Batting: RHB Adrian Martinelli
|
0-0: Called Strike 0-1: Ball 1-1: SINGLE (Line Drive, 3D, EV 98.8 MPH)
|
Batting: RHB Masaru Konno
|
0-0: Called Strike 0-1: Called Strike 0-2: Foul Ball, location: 2F 0-2: Strikes out swinging
|
Batting: LHB Jackson Trottier
|
0-0: Ball 1-0: Called Strike 1-1: Ball 2-1: Ball Adrian Martinelli steals 2nd base 3-1: Foul Ball, location: 2F 3-2: Foul Ball, location: 2F 3-2: Fly out, F8 (Flyball, 8LD, EV 92.5 MPH)
|
Batting: RHB Evan Fry
|
0-0: Ball 1-0: Foul Ball, location: 2F 1-1: Ball 2-1: Fly out, F1 (Line Drive, P, EV 61.9 MPH)
|
Bottom of the 5th over - 0 runs, 1 hit, 0 errors, 1 left on base; Birmingham 7 - Corpus Christi 0 |
TOP OF THE 6TH |
Birmingham Barons batting - Pitching for Corpus Christi Hooks : RHP Jayson Campbell
|
Pitching: LHP Mike Holloway
|
|
Batting: RHB Ron Johansen
|
0-0: Called Strike 0-1: Ball 1-1: Ball 2-1: Ball 3-1: Base on Balls
|
Batting: LHB Joe Kirkland
|
0-0: Ball 1-0: Called Strike 1-1: Called Strike 1-2: Strikes out swinging
|
Batting: RHB Mike Savage
|
0-0: Called Strike 0-1: Foul Ball, location: 2F 0-2: Foul Ball, location: 2F 0-2: Foul Ball, location: 2F 0-2: Strikes out swinging
|
Batting: LHB Herkko Haavikko
|
0-0: Ball 1-0: Ball 2-0: Called Strike 2-1: SINGLE (Line Drive, 9LS, EV 91.2 MPH) Ron Johansen to second Runner from 2nd tries for 3rd, SAFE, no throw by RF
|
Batting: RHB Fletcher Easter
|
0-0: Called Strike 0-1: Ball 1-1: Foul Ball, location: 2F 1-2: Fly out, F8 (Flyball, 8LM, EV 78.8 MPH)
|
Top of the 6th over - 0 runs, 1 hit, 0 errors, 2 left on base; Birmingham 7 - Corpus Christi 0 |
BOTTOM OF THE 6TH |
Corpus Christi Hooks batting - Pitching for Birmingham Barons : RHP Rick Sacket
|
Batting: RHB Reginald McDougall
|
0-0: Ball 1-0: Called Strike 1-1: Called Strike 1-2: Ground out 5-3 (Groundball, 56S, EV 61.9 MPH)
|
Batting: RHB Sean Mounts
|
0-0: Ball 1-0: Called Strike 1-1: TRIPLE (Flyball, 9D, EV 98.1 MPH)
|
Batting: LHB Josh Birkner
|
0-0: Ball 1-0: Ball 2-0: Called Strike 2-1: Ground out 4-3 (Groundball, 4S, EV 63.8 MPH) Sean Mounts scores
|
Batting: RHB Bruce Bermudez
|
0-0: Called Strike 0-1: Ball 1-1: Ball 2-1: Foul Ball, location: 2F 2-2: Foul Ball, location: 2F 2-2: Foul Ball, location: 2F 2-2: Ball 3-2: Base on Balls
|
Batting: RHB Andrew Pride
|
0-0: Called Strike 0-1: Ball Bruce Bermudez steals 2nd base 1-1: Foul Ball, location: 2F 1-2: Strikes out looking
|
Bottom of the 6th over - 1 run, 1 hit, 0 errors, 1 left on base; Birmingham 7 - Corpus Christi 1 |
TOP OF THE 7TH |
Birmingham Barons batting - Pitching for Corpus Christi Hooks : LHP Mike Holloway
|
Batting: RHB Skyler Goss
|
0-0: Called Strike 0-1: Ball 1-1: Foul Ball, location: 2F 1-2: Strikes out swinging
|
Batting: RHB Toichiro Fujimoto
|
0-0: Foul Ball, location: 2F 0-1: Swinging Strike 0-2: Foul Ball, location: 2F 0-2: Ball 1-2: Strikes out swinging
|
Batting: SHB Josh Conner
|
0-0: Called Strike 0-1: Ball 1-1: Foul Ball, location: 2F 1-2: Strikes out swinging
|
Top of the 7th over - 0 runs, 0 hits, 0 errors, 0 left on base; Birmingham 7 - Corpus Christi 1 |
BOTTOM OF THE 7TH |
Corpus Christi Hooks batting - Pitching for Birmingham Barons : RHP Rick Sacket
|
Pitching: RHP Matt Constantino
|
|
Batting: RHB Adrian Martinelli
|
0-0: Ball 1-0: Fly out, F8 (Line Drive, 8RD, EV 88.8 MPH)
|
Batting: RHB Masaru Konno
|
0-0: Ball 1-0: Swinging Strike 1-1: Called Strike 1-2: Strikes out swinging, 2-3 out at first.
|
Batting: LHB Jackson Trottier
|
0-0: Called Strike 0-1: Called Strike 0-2: Foul Ball, location: 2F 0-2: Ball 1-2: Ball 2-2: Ball 3-2: Strikes out looking
|
Bottom of the 7th over - 0 runs, 0 hits, 0 errors, 0 left on base; Birmingham 7 - Corpus Christi 1 |
TOP OF THE 8TH |
Birmingham Barons batting - Pitching for Corpus Christi Hooks : LHP Mike Holloway
|
Batting: RHB John Iddings
|
0-0: Ball 1-0: Ball 2-0: Foul Ball, location: 2F 2-1: Called Strike 2-2: Strikes out swinging
|
Pitching: LHP Dzintars Balodis
|
|
Batting: RHB Ron Johansen
|
0-0: Called Strike 0-1: Ball 1-1: Foul Ball, location: 2F 1-2: Foul Ball, location: 2F 1-2: Foul Ball, location: 2F 1-2: Foul Ball, location: 2F 1-2: Ball 2-2: Foul Ball, location: 2F 2-2: Foul Ball, location: 2F 2-2: Ball 3-2: Foul Ball, location: 2F 3-2: Strikes out looking
|
Batting: LHB Joe Kirkland
|
0-0: Ball 1-0: Fly out, F2 (Popup, 25F, EV 86.2 MPH)
|
Top of the 8th over - 0 runs, 0 hits, 0 errors, 0 left on base; Birmingham 7 - Corpus Christi 1 |
BOTTOM OF THE 8TH |
Corpus Christi Hooks batting - Pitching for Birmingham Barons : RHP Matt Constantino
|
Batting: RHB Evan Fry
|
0-0: Fly out, F9 (Flyball, 9, EV 84.4 MPH)
|
Batting: RHB Reginald McDougall
|
0-0: Ground out 3-1 (Groundball, 34, EV 102.5 MPH)
|
Batting: RHB Sean Mounts
|
0-0: Called Strike 0-1: Ball 1-1: Ball 2-1: Ball 3-1: Called Strike 3-2: Strikes out swinging
|
Bottom of the 8th over - 0 runs, 0 hits, 0 errors, 0 left on base; Birmingham 7 - Corpus Christi 1 |
TOP OF THE 9TH |
Birmingham Barons batting - Pitching for Corpus Christi Hooks : LHP Dzintars Balodis
|
Batting: RHB Mike Savage
|
0-0: Swinging Strike 0-1: Ball 1-1: Foul Ball, location: 2F 1-2: Foul Ball, location: 2F 1-2: Ball 2-2: Foul Ball, location: 2F 2-2: Foul Ball, location: 2F 2-2: Ball 3-2: Fly out, F8 (Line Drive, 8LS, EV 91.2 MPH)
|
Batting: LHB Herkko Haavikko
|
0-0: Ball 1-0: Foul Ball, location: 2F 1-1: Ball 2-1: Called Strike 2-2: Foul Ball, location: 2F 2-2: Ground out 2-3 (Groundball, 2L, EV 65.6 MPH)
|
Batting: RHB Fletcher Easter
|
0-0: Called Strike 0-1: Ball 1-1: Ball 2-1: Foul Ball, location: 2F 2-2: Ball 3-2: SINGLE (Line Drive, 78S, EV 99.4 MPH)
|
Batting: RHB Skyler Goss
|
0-0: Ball 1-0: Ball 2-0: Ball 3-0: Base on Balls Fletcher Easter to second
|
Batting: RHB Toichiro Fujimoto
|
0-0: Ground out 4-3 (Groundball, 4, EV 85.6 MPH)
|
Top of the 9th over - 0 runs, 1 hit, 0 errors, 2 left on base; Birmingham 7 - Corpus Christi 1 |
BOTTOM OF THE 9TH |
Corpus Christi Hooks batting - Pitching for Birmingham Barons : RHP Matt Constantino
|
Batting: LHB Josh Birkner
|
0-0: Ball 1-0: Ball 2-0: Foul Ball, location: 2F 2-1: Called Strike 2-2: Foul Ball, location: 2F 2-2: Hit by Pitch
|
Batting: RHB Bruce Bermudez
|
0-0: Ball Wild Pitch! Josh Birkner to second 1-0: Called Strike 1-1: Ball 2-1: Swinging Strike 2-2: Ball 3-2: Foul Ball, location: 2F 3-2: Ground out 4-3 (Groundball, 4, EV 106.9 MPH) Josh Birkner to third
|
Batting: RHB Andrew Pride
|
0-0: Ball 1-0: Ball 2-0: Called Strike 2-1: Called Strike 2-2: Fly out, F8 (Line Drive, 8LD, EV 97.5 MPH) Runner from 3rd tags up, SCORES, no throw by CF
|
Batting: RHB Adrian Martinelli
|
0-0: Ball 1-0: Ground out 5-3 (Groundball, 56S, EV 72.5 MPH)
|
Bottom of the 9th over - 1 run, 0 hits, 0 errors, 0 left on base; Birmingham 7 - Corpus Christi 2 |
|